 Dungeon Crawl Stone Soup version 0.32-a0-871-ge202e49faa (webtiles) character file.

Game seed: 2491786047965140156

1520 Biggs the Skirmisher (level 8, 56/56 HPs)
             Began as a Coglin Hunter on Mar 29, 2024.
             Quit the game on level 5 of the Dungeon.
             The game lasted 00:07:54 (4910 turns).

Biggs the Skirmisher (Coglin Hunter)                Turns: 4910, Time: 00:07:54

Health: 56/56      AC:  5    Str: 11    XL:     8   Next: 84%
Magic:  8/8        EV: 12    Int:  8    God:
Gold:   256        SH:  0    Dex: 21    Spells: 7/7 levels left

rFire   . . .        a - +3 sling {Agustín}
rCold   . . .        d - +0 sling {Ohana}
rNeg    . . .        c - +0 leather armour
rPois   .            s - +2 hat
rElec   .            (no cloak)
rCorr   .            (no gloves)
SInv    .            (no boots)
Will    .....        (amulet unavailable)
Stlth   ++           (ring unavailable)
HPRegen 0.29/turn    (ring unavailable)
MPRegen 0.11/turn    (no gizmo)

%: no passive effects
@: no status effects
A: off-hand wielding, slow wielding, warmup strikes, no jewellery
a: Invent Gizmo


You were on level 5 of the Dungeon.
You visited 2 branches of the dungeon, and saw 7 of its levels.
You also visited: Sewer.

You collected 256 gold pieces.

Inventory:

Hand Weapons
 a - a +3 sling (weapon) {Agustín}
 d - a +0 sling (offhand) {Ohana}
Armour
 c - a +0 leather armour (worn)
 s - a +2 hat (worn)
Wands
 u - a wand of mindburst (5)
Scrolls
 b - 2 scrolls of butterflies
 g - a scroll of teleportation
 i - a scroll of noise
 j - a scroll of enchant weapon
 m - 2 scrolls of fog
 o - a scroll of vulnerability
 q - a scroll of revelation
Potions
 e - 2 potions of degeneration {unknown}
 f - 6 potions of curing {unknown}
 h - a potion of might {unknown}
 l - 4 potions of haste {unknown}
 n - 3 potions of heal wounds {unknown}
 p - 3 potions of brilliance {unknown}
 v - 2 potions of mutation {unknown}
 x - 2 potions of enlightenment {unknown}


   Skills:
 - Level 2.0 Fighting
 + Level 10.3 Ranged Weapons
 - Level 2.6 Dodging
 - Level 0.7 Stealth


You had 7 spell levels left.
You didn't know any spells.
Your spell library contained the following spells:

 Spells                   Type           Power      Damage    Failure   Level
 Sandblast                Erth           0%         2d4       50%         1
 Cigotuvi's Dreadful Rot  Necr/Alch/Air  0%         N/A       65%         2
 Hailstorm                Conj/Ice       0%         3d5       86%         3
 Summon Ice Beast         Ice/Summ       0%         N/A       86%         3
 Ignite Poison            Fire/Alch      0%         N/A       99%         4
 Borgnjor's Vile Clutch   Necr/Erth      0%         N/A       100%        5
 Freezing Cloud           Conj/Ice/Air   0%         6-21      100%        5
 Bombard                  Conj/Erth      0%         9d1       100%        6
 Permafrost Eruption      Ice/Erth       0%         2x4d2     100%        6
 Sculpt Simulacrum        Ice/Alch       0%         N/A       100%        6
 Summon Horrible Things   Summ           0%         N/A       100%        8


Dungeon Overview and Level Annotations

Branches:
Dungeon (6/15)             Temple (1/1) D:4           Sewer (visited)

Altars:
Dithmenos
Elyvilon
Gozag
Kikubaaqudgha
Makhleb
Nemelex Xobeh
Qazlal
Ru
Sif Muna
Uskayaw
Vehumet
Xom
Yredelemnul

Shops:
D:3 [

Annotations:
D:6 Dowan, Duvessa


Innate Abilities, Weirdness & Mutations

You can wield a second weapon in your off-hand.
It takes a long time for you to wield or remove held weapons.
Your first few attacks do less damage.
You cannot equip rings or amulets.


Message History

Dowan says, "My weaknesses are her strengths!"
Dowan mumbles some strange words.
Dowan blinks!
There is an open door here.
You are no longer glowing.
There is an escape hatch in the ceiling here.
A mysterious force pulls you upwards. The hatch slams shut behind you.
As you read the scroll labelled JIBOOLI TIENY, it crumbles to dust.
You feel strangely unstable.
It was a scroll of teleportation.
As you read the scroll labelled FEVI ONICA, it crumbles to dust.
You hear a loud clanging noise!
It was a scroll of noise.
As you read the scroll labelled ALISTR ENIAKU, it crumbles to dust.
It is a scroll of enchant weapon.
Your +2 sling {Agustín} glows red for a moment.
As you read the scroll labelled DEOBAI FEUDAJIMM, it crumbles to dust.
It is a scroll of identify.
m - 2 scrolls of fog Your surroundings suddenly seem different.
As you read the scroll of identify, it crumbles to dust.
o - a scroll of vulnerability
As you read the scroll of identify, it crumbles to dust.
q - a scroll of revelation
As you read the scroll labelled CAYGIK VEL TIG, it crumbles to dust.
It is a scroll of enchant armour.
Your +1 hat glows green for a while.
As you read the scroll labelled MULUUS NIFA, it crumbles to dust.
A profound silence engulfs you.
It was a scroll of silence.
Unknown command.
Magic scrolls do not work when you're silenced!
Unknown command.
You start waiting.
Your hearing returns.
You start waiting.
Done waiting.
As you read the scroll labelled NAENLEENEIZA, it crumbles to dust.
It is a scroll of amnesia.
You feel forgetful for a moment.
Unknown command.
Are you sure you want to abandon this character and quit the game? (Confirm with "yes".)

########## #######
#........#
##.###.###.###.##[#
##...............#.#
#..##.###.###.##...#
##.#...........#.#.#
#..@##.###.##...#.#
##.#.#.......#.#.#.#
#..#...##.##...#...#
##.#.#.#...#.#(#.#.#
#...#...#...#...#.#
##.#.#.#...#.#.#.#.#
#..#...##.##...#...#
##########
##.#.#.......#.#.#.#
..##.....#
#...##.###.##...#.#


There were no monsters in sight!

Vanquished Creatures
  Menkaure (D:6)
  A black bear (D:5)
  An ice beast (D:5)
  A sky beast (D:6)
  3 ogres
  A centaur (D:6)
  2 scorpions (D:6)
  2 bombardier beetles (D:3)
  5 jellies
  2 hounds
  Natasha (thrice) (D:3)
  An iguana (D:6)
  2 orc wizards (D:5)
  2 gnolls (D:3)
  10 adders
  A river rat (D:6)
  A shadow imp (D:5)
  2 white imps
  7 ribbon worms
  A dart slug (D:1)
  12 orcs
  6 ball pythons
  10 endoplasms
  6 giant cockroaches
  8 goblins
  3 hobgoblins
  A quokka (D:4)
  5 bats
  3 frilled lizards (Sewer)
  A kobold (D:2)
  18 rats
122 creatures vanquished.

Notes
Turn   | Place    | Note
-------+----------+-------------------------------------------
     0 | D:1      | Biggs the Coglin Hunter began the quest for the Orb.
     0 | D:1      | Reached XP level 1. HP: 16/16 MP: 1/1
   202 | D:1      | Reached skill level 4 in Ranged Weapons
   202 | D:1      | Reached XP level 2. HP: 22/22 MP: 2/2
  1142 | D:2      | Reached XP level 3. HP: 27/27 MP: 3/3
  1539 | D:3      | Noticed Natasha
  1545 | D:3      | Killed Natasha
  1546 | D:3      | Reached skill level 5 in Ranged Weapons
  1546 | D:3      | Reached XP level 4. HP: 30/33 MP: 4/4
  1649 | D:3      | Found Lytuf's Armour Emporium.
  1778 | D:3      | Reached XP level 5. HP: 35/38 MP: 5/5
  1806 | D:3      | Noticed Natasha
  1813 | D:3      | Killed Natasha
  1961 | D:3      | Found an opulent altar of Gozag.
  1986 | D:3      | Reached skill level 6 in Ranged Weapons
  1989 | D:3      | Noticed Natasha
  1998 | D:3      | Killed Natasha
  2137 | D:3      | Reached XP level 6. HP: 42/44 MP: 6/6
  2619 | D:4      | Found a staircase to the Ecumenical Temple.
  2665 | Temple   | Entered the Ecumenical Temple
  2725 | D:4      | Got the Tractate on Ashen Rallying
  3100 | D:5      | Entered Level 5 of the Dungeon
  3115 | D:5      | Reached skill level 7 in Ranged Weapons
  3174 | D:5      | Noticed a black bear
  3188 | D:5      | Killed a black bear
  3189 | D:5      | Reached XP level 7. HP: 29/50 MP: 7/7
  3579 | D:5      | Reached skill level 8 in Ranged Weapons
  3799 | D:5      | Found a shimmering blue altar of Sif Muna.
  3931 | D:6      | Noticed Menkaure
  3936 | D:6      | Killed Menkaure
  3937 | D:6      | Reached skill level 9 in Ranged Weapons
  3937 | D:6      | Reached XP level 8. HP: 56/56 MP: 8/8
  4022 | D:6      | Found a glowing drain.
  4039 | Sewer    | Entered a sewer
  4281 | Sewer    | Found a viscous altar of Jiyva.
  4485 | D:6      | Noticed Duvessa
  4485 | D:6      | Noticed Dowan
  4570 | D:6      | Reached skill level 10 in Ranged Weapons
  4910 | D:5      | Quit the game

Illustrated notes

Levels and vault maps discovered:
D:1:      dpeg_arrival_prison, layout_basic, serial_forest,
          infiniplex_forest_clump_medium, infiniplex_forest_lined_room_2,
          infiniplex_forest_clump_small, infiniplex_forest_straight_3,
          infiniplex_forest_straight_4, infiniplex_forest_lined_corner,
          infiniplex_forest_end_3, infiniplex_forest_clump_long,
          infiniplex_forest_straight_1, hex_medium
D:2:      layout_rooms, solitary_fountain, minmay_diced_spiral
D:3:      layout_loops_cross, grunt_gozag_statues, serial_shops,
          nicolae_shop_tiny_statue_garden, dk_noncrumbling_2, minmay_ruptured,
          uniq_natasha
D:4:      layout_basic, temple_pool_b
D:5:      layout_rooms, led_sif_book, minivault_25,
          nicolae_concentric_dashed_squares_wild, dk_vineyard_1
D:6:      layout_basic, portal_sewer_entry_a, nicolae_water_bricks,
          grunt_ministairs_2, uniq_menkaure, uniq_duvessa
Temple:   bh_familiar_temple

Skill      XL: |  1  2  3  4  5  6  7  8 |
---------------+-------------------------+-----
Ranged Weapons | 4 5 6 7 9 10 | 10.3
Dodging        | 2 |  2.6
Fighting       | |  2.0
Stealth        | |  0.7

Action                     |  1- 3 |  4- 6 |  7- 9 || total
---------------------------+-------+-------+-------++-------
   Fire: Sling             |   134 |   220 |   320 ||   674
    Use: Scroll            |       |       |     9 ||     9
 Armour: Leather armour    |     2 |    27 |    27 ||    56
  Dodge: Dodged            |     9 |    25 |    23 ||    57

Table legend: (Time is in decaauts)
 A = Elapsed time spent in this place.
 B = Non-inter-level travel time spent in this place.
 C = Inter-level travel time spent in this place.
 D = Time resting spent in this place.
 E = Time spent auto-exploring this place.
 F = Levels seen in this place.
 G = Mean time per level.
                   A        B        C        D        E       F      G
               +--------+--------+--------+--------+--------+-----+--------+
         Total |   4963 |   4825 |    138 |    128 |   3953 |   8 |  620.4 |
       Dungeon |   4643 |   4505 |    138 |    128 |   3729 |   6 |  773.8 |
        Temple |      1 |      1 |      0 |      0 |      0 |   1 |    1.0 |
         Sewer |    318 |    318 |      0 |      0 |    223 |   1 |  318.0 |
               +--------+--------+--------+--------+--------+-----+--------+

Top non-repeatable levels by time:
     D:1: 1032 daAuts
     D:3: 1030 daAuts
     D:5: 930 daAuts
     D:6: 583 daAuts
     D:4: 546 daAuts
     D:2: 520 daAuts
   Sewer: 318 daAuts
  Temple: 1 daAuts
